 Dungeon Crawl Stone Soup version 0.22-a0-86-g94e0ad4 (webtiles) character file.

914 nono the Fighter (level 8, -2/94 HPs)
             Began as an Ogre Fighter on Jan 21, 2018.
             Slain by Dowan
             ... wielding a +3 dagger of venom
              (4 damage)
             ... on level 5 of the Dungeon.
             The game lasted 00:11:04 (4149 turns).

nono the Fighter (Ogre Fighter)                     Turns: 4149, Time: 00:11:06

Health: -2/94      AC:  3    Str: 23    XL:     8   Next: 9%
Magic:  8/8        EV:  8    Int:  9    God:
Gold:   202        SH:  8    Dex: 11    Spells: 7/7 levels left

rFire    . . .     SeeInvis .   d - +2 spear (venom)
rCold    . . .     Gourm    .   c - +0 shield
rNeg     . . .     Faith    .   b - +0 robe
rPois    .         Spirit   .   (helmet restricted)
rElec    .         Reflect  .   (no cloak)
rCorr    .         Harm     .   (gloves unavailable)
MR       .....                  (boots unavailable)
Stlth    +.........             (no amulet)
HPRegen  0.25/turn              v - +3 ring of dexterity
MPRegen  0.11/turn              (no ring)

@: lethally poisoned (-2 -> -23)
A: large, unfitting armour, tough skin 1
a: no special abilities


You were on level 5 of the Dungeon.
You were not hungry.

You visited 1 branch of the dungeon, and saw 5 of its levels.

You collected 202 gold pieces.

Inventory:

Hand Weapons
 a - a +0 flail
 d - a +2 spear of venom (weapon)
 s - a +0 giant club
Armour
 b - a +0 robe (worn)
 c - a +0 shield (worn)
Jewellery
 v - a +3 ring of dexterity (left hand)
Scrolls
 g - 2 scrolls of noise {unknown}
 h - 2 scrolls of enchant weapon {unknown}
 i - 4 scrolls of identify {unknown}
 k - 5 scrolls of remove curse
 n - 5 scrolls of amnesia {unknown}
 o - a scroll of blinking {unknown}
 p - 2 scrolls of teleportation {unknown}
 q - a scroll of immolation {unknown}
 r - a scroll of random uselessness {unknown}
 t - a scroll of fear {unknown}
 u - a scroll of enchant armour {unknown}
Potions
 j - a potion of haste {unknown}
 l - a potion of experience {unknown}
Comestibles
 f - 8 rations


   Skills:
 + Level 10.4 Fighting
 - Level 4.8 Maces & Flails
 - Level 2.6 Dodging
 - Level 2.6 Shields


You had 7 spell levels left.
You didn't know any spells.

Dungeon Overview and Level Annotations

Branches:
Dungeon (5/15)
 Temple: D:4-7

Altars:
Fedhas
Sif Muna
Xom
Yredelemnul

Shops:
D:5 =

Annotations:
D:5 Dowan


Innate Abilities, Weirdness & Mutations

You are too large for most types of armour.
You have tough skin. (AC +1)


Message History

Duvessa hits you but does no damage.
You feel better. Duvessa completely misses you.
As you read the scroll labeled KERGHU ZOSEO, it crumbles to dust.
You feel blessed for a moment.
It was a scroll of remove curse.
You kill Duvessa!
Dowan screams, "No!
Oh no!"
Dowan seems to find hidden reserves of power!
Your Fighting skill increases to level 10!
You have reached level 8!
Dowan hits you with a dagger of venom!
* * * LOW HITPOINT WARNING * * *
You are lethally poisoned!
You hit Dowan.
Dowan is poisoned.
Dowan is moderately wounded.
* * * LOW HITPOINT WARNING * * *
You feel sick. Dowan hits you with a dagger of venom.
* * * LOW HITPOINT WARNING * * *
You are more poisoned.
Dowan hits you with a dagger of venom.
You die...

......# #.# .####.# #.#
.####.####.# #.#
...........# #.#
#####.##########.#####
#####.# #..........##
......#####.####.#####8####
#####.......# #e# #⌠_.'..#
### ......#######
#@###⌠_.'..#####.. #######
#...###≈##.......# ##### #
#########


You could see Dowan.

Vanquished Creatures
  Sigmund (D:5)
  Menkaure (D:4)
  Duvessa (D:5)
  An ice beast (D:5)
  An ogre (D:5)
  A centaur (D:5)
  A scorpion (D:4)
  A crimson imp (D:5)
  An orc wizard (D:3)
  An iguana (D:4)
  2 hound skeletons (D:5)
  2 gnolls (D:4)
  4 adders
  An adder skeleton (D:5)
  3 worms
  A dart slug (D:4)
  3 leopard geckos (D:1)
  5 orcs
  4 ball pythons (D:2)
  3 giant cockroaches
  A goblin (D:2)
  6 hobgoblins
  4 jackals (D:5)
  2 quokkas (D:2)
  2 bats
  3 frilled lizards
  4 kobolds
  9 rats
69 creatures vanquished.

Vanquished Creatures (others)
  An orc wizard (D:3)
1 creature vanquished.

Grand Total: 70 creatures vanquished

Notes
Turn   | Place    | Note
-------+----------+-------------------------------------------
     0 | D:1      | nono the Ogre Fighter began the quest for the Orb.
     0 | D:1      | Reached XP level 1. HP: 24/24 MP: 1/1
   182 | D:1      | Reached XP level 2. HP: 31/33 MP: 2/2
   748 | D:2      | Reached XP level 3. HP: 34/40 MP: 3/3
   852 | D:2      | Reached skill level 5 in Fighting
  1308 | D:3      | Reached XP level 4. HP: 50/50 MP: 4/4
  1849 | D:3      | Found a snail-covered altar of Cheibriados.
  1851 | D:3      | Found a shadowy altar of Dithmenos.
  1851 | D:3      | Found a shattered altar of Ashenzari.
  1853 | D:3      | Found a shadowy altar of Dithmenos.
  1853 | D:3      | Found a basalt altar of Yredelemnul.
  1853 | D:3      | Found a shimmering altar of Xom.
  2155 | D:4      | Found a deep blue altar of Sif Muna.
  2320 | D:4      | Reached skill level 6 in Fighting
  2320 | D:4      | Reached XP level 5. HP: 34/59 MP: 5/5
  2492 | D:4      | Noticed Menkaure
  2575 | D:4      | Killed Menkaure
  2575 | D:4      | Reached XP level 6. HP: 54/68 MP: 6/6
  2578 | D:5      | Entered Level 5 of the Dungeon
  2619 | D:5      | Reached skill level 7 in Fighting
  3081 | D:4      | Reached XP level 7. HP: 63/78 MP: 7/7
  3381 | D:5      | Reached skill level 8 in Fighting
  3669 | D:5      | Found Laras's Jewellery Boutique.
  3683 | D:5      | Reached skill level 9 in Fighting
  3896 | D:5      | Found a blossoming altar of Fedhas.
  3896 | D:5      | Found a basalt altar of Yredelemnul.
  4041 | D:5      | Noticed Sigmund
  4052 | D:5      | Killed Sigmund
  4113 | D:5      | Noticed Duvessa
  4113 | D:5      | Noticed Dowan
  4146 | D:5      | HP: 4/84 [Duvessa/rapier (13)]
  4148 | D:5      | Killed Duvessa
  4148 | D:5      | Reached skill level 10 in Fighting
  4148 | D:5      | Reached XP level 8. HP: 15/94 MP: 8/8
  4149 | D:5      | Slain by Dowan

Vault maps used:
D:1:      dpeg_arrival_chambers_temple_mockup
D:2:      kennysheep_generic_room_4
D:3:      doesnt_xom_only_xom, serial_curves, eino_curves_03, eino_curves_01,
          eino_curves_01
D:4:      kennysheep_mini, first_ration, uniq_menkaure
D:5:      gammafunk_temple_overflow_wave, serial_shops,
          nicolae_shop_statue_plus, uniq_sigmund, uniq_blork_the_orc,
          uniq_duvessa

Skill      XL: |  1  2  3  4  5  6  7 |
---------------+----------------------+-----
Maces & Flails | 2 3 4 |  4.8
Fighting       | 5 6 7 10 | 10.4
Dodging        | |  2.6
Shields        | |  2.6

Action                   |  1- 3 |  4- 6 |  7- 9 || total
-------------------------+-------+-------+-------++-------
Melee: Flail             |   106 |   103 |    25 ||   234
       Spear             |       |     4 |    51 ||    55
  Use: Potion            |       |     2 |     5 ||     7
       Scroll            |       |       |     1 ||     1
 Stab: Sleeping          |     2 |     1 |       ||     3
  Eat: Chunk             |     1 |     6 |     1 ||     8
       Ration            |       |       |     1 ||     1
Armor: Robe              |    21 |    14 |    18 ||    53
Dodge: Dodged            |    43 |    40 |    22 ||   105
Block: Shield            |    44 |    37 |    29 ||   110

Table legend:
 A = Spawn XP
 B = Non-spawn XP
 C = Spawn XP percentage of total XP
 D = Spawn monster count
 E = Non-spawn monster count
 F = Spawn count percentage of total count
 G = Total turns spent on level
                    A         B        C        D         E        F      G
               +---------+---------+-------+---------+---------+-------+---------
         Total |       0 |    1307 |   0.0 |       0 |      69 |   0.0 |  4149
               +---------+---------+-------+---------+---------+-------+---------
           D:1 |       0 |      30 |   0.0 |       0 |      19 |   0.0 |   739
           D:2 |       0 |      50 |   0.0 |       0 |      15 |   0.0 |   689
           D:3 |       0 |      67 |   0.0 |       0 |       8 |   0.0 |   646
           D:4 |       0 |     341 |   0.0 |       0 |      13 |   0.0 |  1168
           D:5 |       0 |     819 |   0.0 |       0 |      14 |   0.0 |   907
               +---------+---------+-------+---------+---------+-------+---------
